 Dungeon Crawl Stone Soup version 0.30-a0-4-ga7cffc901d (webtiles) character file.

Game seed: 7273278336703961310

3698878 freelancePsychic the Barachian Barricade (level 26, 236/236 HPs)
             Began as a Barachi Wanderer on Aug 19, 2022.
             Was an Initiate of Gozag.
             Escaped with the Orb
             ... and 5 runes on Aug 20, 2022!
             The game lasted 02:14:13 (55162 turns).

freelancePsychic the Barachian Barricade (BaWn)    Turns: 55162, Time: 02:14:13

Health: 236/236    AC: 25    Str: 12    XL:     26   Next: 68%
Magic:  11/11      EV: 41    Int: 10    God:    Gozag
Gold:   8566       SH: 42    Dex: 46    Spells: 25/25 levels left

rFire   + + +      SeeInvis +    a - +9 hand crossbow (freeze)
rCold   + + .      Faith    .    W - +8 tower shield
rNeg    . . .      Spirit   .    M - +0 ring mail of Yfeddih {Int-3 Dex+4}
rPois   +          Reflect  .    C - +3 hat of Ukuetud {rF++ rC+ Str-4 SInv}
rElec   .          Harm     .    S - +0 cloak of Hedging {rPois Slay+2}
rCorr   .          Rampage  .    b - +2 pair of gloves {Str+3}
Will    +....                    L - +3 pair of mountain boots {steadfast, rC+}
Stlth   +.........               Z - amulet "Wixommei" {Regen+ Int-2 Dex+8}
HPRegen 1.29/turn                u - ring "Roebonel" {Fire Int+2 Dex+6 Stlth-}
MPRegen 0.12/turn                K - ring of Kufawakh {rF+ rC+ MP-9 Dex+4}

@: studying 2 skills, slow
A: amphibious, slowness 1, strong legs 2, +LOS, low MP 1
0: Orb of Zot
}: 5/15 runes: decaying, serpentine, slimy, silver, abyssal
a: Hop, Renounce Religion, Potion Petition, Call Merchant, Bribe Branch


You escaped.
You worshipped Gozag.
Gozag was greatly pleased with you.
You visited 10 branches of the dungeon, and saw 52 of its levels.
You visited the Abyss 1 time.
You visited 1 ziggurat, and saw 5 of its levels.
You also visited: Gauntlet and Ice Cave.

You collected 29677 gold pieces.
You spent 6600 gold pieces at shops.
You paid 14511 gold pieces to Gozag.

Inventory:

Hand Weapons
 a - a +9 hand crossbow of freezing (weapon)
Armour
 b - a +2 pair of gloves of strength (worn)
 C - the +3 hat of Ukuetud (worn) {rF++ rC+ Str-4 SInv}
   (You found it in a Gauntlet)

   Str:       It affects your strength (-4).
   rF:        It greatly protects you from fire.
   rC:        It protects you from cold.
   SInv:      It lets you see invisible.
 L - the +3 pair of mountain boots (worn) {steadfast, rC+}
   (You bought it in a shop on level 6 of the Dungeon)

   It prevents involuntary movement, except for blinking, teleportation, or
   banishment.
   rC:        It protects you from cold.
 M - the +0 ring mail of Yfeddih (worn) {Int-3 Dex+4}
   (You bought it in a shop on level 6 of the Dungeon)

   Int:       It affects your intelligence (-3).
   Dex:       It affects your dexterity (+4).
 S - the +0 cloak of Hedging (worn) {rPois Slay+2}
   (You found it on level 1 of the Snake Pit)

   Slay:      It affects your accuracy & damage with ranged weapons and melee
   (+2).
   rPois:     It protects you from poison.
 W - a +8 tower shield (worn)
Jewellery
 k - a ring of flight
 l - the ring of the Grinning Priest {*Corrode rC++ Str+6 Int+3}
   (You took it off a deep elf annihilator on level 3 of the Elven Halls)

   [ring of strength]

   Str:       It affects your strength (+6).
   Int:       It affects your intelligence (+3).
   rC:        It greatly protects you from cold.
   *Corrode:  It may corrode you when you take damage.
 u - the ring "Roebonel" (left hand) {Fire Int+2 Dex+6 Stlth-}
   (You took it off a tengu warrior on level 10 of the Dungeon)

   [ring of fire]

   It enhances your fire magic.
   Int:       It affects your intelligence (+2).
   Dex:       It affects your dexterity (+6).
   rF:        It protects you from fire.
   rC:        It makes you vulnerable to cold.
   Stlth:     It makes you less stealthy.
 K - the ring of Kufawakh (right hand) {rF+ rC+ MP-9 Dex+4}
   (You found it on level 6 of the Dungeon)

   [ring of protection from fire]

   Dex:       It affects your dexterity (+4).
   rF:        It protects you from fire.
   rC:        It protects you from cold.
   MP:        It affects your magic capacity (-9).
 N - a ring of resist corrosion
 P - the ring "Heinkec" {Will+ Int+6}
   (You took it off a frost giant on level 5 of the Vaults)

   [ring of intelligence]

   Int:       It affects your intelligence (+6).
   Will:      It increases your willpower.
 Y - an amulet of the acrobat
 Z - the amulet "Wixommei" (around neck) {Regen+ Int-2 Dex+8}
   (You found it on level 10 of the Dungeon)

   [amulet of regeneration]

   Int:       It affects your intelligence (-2).
   Dex:       It affects your dexterity (+8).
   Regen:     It increases your rate of health regeneration.
Wands
 t - a wand of iceblast (35)
 B - a wand of paralysis (66)
 F - a wand of digging (8)
 H - a wand of light (9)
 J - a wand of polymorph (19)
 R - a wand of flame (55)
Scrolls
 d - 8 scrolls of fear
 e - 5 scrolls of butterflies
 f - 4 scrolls of enchant weapon
 g - 21 scrolls of teleportation {@r4}
 i - 6 scrolls of immolation
 m - 9 scrolls of amnesia
 o - 2 scrolls of brand weapon
 x - 6 scrolls of blinking
 y - 6 scrolls of summoning
 Q - 6 scrolls of silence
 T - 7 scrolls of poison
Potions
 c - 4 potions of cancellation
 h - 10 potions of lignification
 j - 5 potions of invisibility
 n - 13 potions of mutation
 p - 9 potions of attraction
 q - 3 potions of flight
 r - 13 potions of resistance
 v - 11 potions of heal wounds {@q2}
 w - 16 potions of curing {@q1}
 z - 6 potions of haste {@q3}
 A - 5 potions of magic
 D - 6 potions of berserk rage
 E - 7 potions of might
 G - 4 potions of ambrosia
Miscellaneous
 s - a condenser vane
 O - a phial of floods
 U - a phantom mirror
 V - a tin of tremorstones (2/2)
 X - a box of beasts


   Skills:
 + Level 25.5 Fighting
 - Level 4.7 Short Blades
 - Level 1.1 Axes
 - Level 18.0 Ranged Weapons
 + Level 25.1 Armour
 - Level 20.0 Dodging
 - Level 2.0 Stealth
 O Level 27 Shields
 + Level 18.5 Evocations


You had 25 spell levels left.
You didn't know any spells.
Your spell library contained the following spells:

 Spells                   Type           Power      Damage    Failure   Level
 Apportation              Tloc           0%         N/A       47%         1
 Beastly Appendage        Tmut           0%         N/A       47%         1
 Necrotise                Necr           0%         1d4       47%         1
 Shock                    Conj/Air       0%         1d3       47%         1
 Slow                     Hex            0%         N/A       47%         1
 Sting                    Tmut/Pois      0%         1d3       47%         1
 Summon Small Mammal      Summ           0%         N/A       47%         1
 Blink                    Tloc           0%         N/A       63%         2
 Ensorcelled Hibernation  Hex/Ice        0%         N/A       63%         2
 Poisonous Vapours        Pois/Air       0%         N/A       63%         2
 Sublimation of Blood     Necr           0%         N/A       63%         2
 Wereblood                Tmut           0%         N/A       63%         2
 Call Canine Familiar     Summ           0%         N/A       85%         3
 Confusing Touch          Hex            0%         N/A       85%         3
 Conjure Flame            Conj/Fire      0%         6-21      85%         3
 Dazzling Flash           Conj/Hex       0%         N/A       85%         3
 Ignite Poison            Fire/Tmut/Pois 0%         N/A       85%         3
 Inner Flame              Hex/Fire       0%         N/A       85%         3
 Lesser Beckoning         Tloc           0%         N/A       85%         3
 Mephitic Cloud           Conj/Pois/Air  0%         N/A       85%         3
 Ozocubu's Armour         Ice            0%         N/A       85%         3
 Portal Projectile        Hex/Tloc       0%         N/A       85%         3
 Spider Form              Tmut/Pois      0%         N/A       85%         3
 Stone Arrow              Conj/Erth      0%         3d7       85%         3
 Swiftness                Air            0%         N/A       85%         3
 Tukima's Dance           Hex            0%         N/A       85%         3
 Vampiric Draining        Necr           0%         2d6       85%         3
 Airstrike                Air            0%         2d(0-16)  99%         4
 Anguish                  Hex/Necr       0%         N/A       99%         4
 Animate Armour           Summ/Erth      0%         N/A       99%         4
 Cause Fear               Hex            0%         N/A       99%         4
 Ice Form                 Ice/Tmut       0%         N/A       99%         4
 Iskenderun's Mystic Bla  Conj/Tloc      0%         2d3       99%         4
 Leda's Liquefaction      Hex/Erth       0%         N/A       99%         4
 Olgreb's Toxic Radiance  Pois           0%         N/A       99%         4
 Passage of Golubria      Tloc           0%         N/A       99%         4
 Petrify                  Tmut/Erth      0%         N/A       99%         4
 Sticky Flame             Conj/Fire      0%         2d3       99%         4
 Summon Lightning Spire   Summ/Air       0%         N/A       99%         4
 Agony                    Necr           0%         N/A       100%        5
 Alistair's Intoxication  Tmut/Pois      0%         N/A       100%        5
 Blade Hands              Tmut           0%         N/A       100%        5
 Borgnjor's Vile Clutch   Necr/Erth      0%         N/A       100%        5
 Fireball                 Conj/Fire      0%         3d3       100%        5
 Freezing Cloud           Conj/Ice/Air   0%         6-21      100%        5
 Irradiate                Conj/Tmut      0%         3d11      100%        5
 Iskenderun's Battlesphe  Conj           0%         2d6       100%        5
 Lightning Bolt           Conj/Air       0%         1d11      100%        5
 Manifold Assault         Tloc           0%         N/A       100%        5
 Metabolic Englaciation   Hex/Ice        0%         N/A       100%        5
 Silence                  Hex/Air        0%         N/A       100%        5
 Summon Forest            Summ/Tloc      0%         N/A       100%        5
 Summon Mana Viper        Hex/Summ       0%         N/A       100%        5
 Yara's Violent Unravell  Hex/Tmut       0%         3d3       100%        5
 Conjure Ball Lightning   Conj/Air       0%         3x3d6     100%        6
 Death Channel            Necr           0%         N/A       100%        6
 Dispersal                Tloc           0%         N/A       100%        6
 Eringya's Noxious Bog    Tmut/Pois      0%         N/A       100%        6
 Iron Shot                Conj/Erth      0%         9d1       100%        6
 Starburst                Conj/Fire      0%         6d3       100%        6
 Statue Form              Tmut/Erth      0%         N/A       100%        6
 Summon Cactus Giant      Summ           0%         N/A       100%        6
 Dragon Form              Tmut           0%         N/A       100%        7
 Enfeeble                 Hex            0%         N/A       100%        7
 Malign Gateway           Summ/Tloc      0%         N/A       100%        7
 Orb of Destruction       Conj           0%         9d5       100%        7
 Ozocubu's Refrigeration  Ice            0%         4d7       100%        7
 Summon Hydra             Summ           0%         N/A       100%        7
 Borgnjor's Revivificati  Necr           0%         N/A       100%        8
 Discord                  Hex            0%         N/A       100%        8
 Disjunction              Tloc           0%         N/A       100%        8
 Lehudib's Crystal Spear  Conj/Erth      0%         10d2      100%        8
 Necromutation            Tmut/Necr      0%         N/A       100%        8
 Summon Horrible Things   Summ           0%         N/A       100%        8
 Death's Door             Necr           0%         N/A       100%        9
 Dragon's Call            Summ           0%         N/A       100%        9
 Animate Dead             Necr           Unusable   N/A       N/A         4

Dungeon Overview and Level Annotations

Branches:
Dungeon (15/15)            Temple (0/1) D:4            Lair (5/5) D:8
  Swamp (4/4) Lair:2        Snake (4/4) Lair:2        Slime (5/5) Lair:4
    Orc (2/2) D:10            Elf (3/3) Orc:2        Vaults (5/5) D:13
  Crypt (0/3) Vaults:2     Depths (4/4) D:15            Zot (5/5) Depths:4
  IceCv (visited)         Gauntlet (visited)

Altars:
Ashenzari
Fedhas
Gozag
Hepliaklqana
Kikubaaqudgha
Nemelex Xobeh
Okawaru
Qazlal
Ru
Sif Muna
Trog
Uskayaw
Vehumet
Yredelemnul
Jiyva

Shops:
D:6 [   D:11 :   Orc:1 *   Orc:2 [:*(   Elf:1 =   Lair:1 *   Snake:3 *
Snake:4 (   Vaults:1 **[!   Depths:1 ?   Depths:2 ![   Depths:3 (

Portals:
Hell: Depths:1 Depths:2 Depths:3 Depths:4
Abyss: Depths:3 Depths:4
Pandemonium: Depths:2

Annotations:
D:2 Natasha
D:3 Sigmund
D:7 1 runed translucent door
Lair:3 2 transporters, Zeldest's ghost, journeyman DEHu
Vaults:3 2 runed translucent doors, Ladeyfunk's ghost, adept DsBe; Xafer's ghost, adept DsGl
Depths:3 2 transporters, Bysat's ghost, adept DgFi


Innate Abilities, Weirdness & Mutations

You are amphibious.
You cover ground slowly.
You can hop long distances.
You have an extended range of vision and can be seen from far away.
Your magical capacity is low. (-10% MP)


Message History

2 sixfirhies come into view.
You see here 6 gold pieces.
You shoot a bolt. The bolt hits the sixfirhy!!!
The bolt freezes the sixfirhy!
You kill the sixfirhy!
You shoot a bolt. The bolt hits the sixfirhy!!!
The bolt freezes the sixfirhy.
You kill the sixfirhy!
Some rock shatters into small pieces.
No target in view!
No target in view!
No target in view!
Some rock shatters into small pieces.
A cacodemon comes into view.
You shoot a bolt. The bolt hits the cacodemon!!
The bolt freezes the cacodemon!
The cacodemon is heavily wounded.
You shoot a bolt. The bolt hits the cacodemon!!!!
The bolt freezes the cacodemon.
You kill the cacodemon!
No target in view!
No target in view!
You now have 8566 gold pieces (gained 8).
(D) Dungeon (T) Temple (L) Lair (S) Swamp (P) Snake Pit (M) Slime Pits (O) Orcish Mines (E) Elven Halls (V) Vaults (C) Crypt (U) Depths (H) Hell (Z) Zot
Where to? (Enter - D:1 @ (x,y), ? - help)
There is an open door here.
Something unseen opens the door.
You sense a monster nearby.
Natasha, Servant of Life and Death comes into view.
There is a stone staircase leading up here.
You climb upwards.
There is a stone staircase leading down here.
(D) Dungeon (T) Temple (L) Lair (S) Swamp (P) Snake Pit (M) Slime Pits (O) Orcish Mines (E) Elven Halls (V) Vaults (C) Crypt (U) Depths (H) Hell (Z) Zot
Where to? (Enter - D:1 @ (x,y), ? - help)
You see here a +0 mace.
There is a staircase leading out of the dungeon here.
You have escaped!

#.####### #...########.#....
#.##.##.#### ##..#####.##.#####
#.#()#.....#########....##......
#.#.....#.~##........~...#######
#.#.####...~..~~~.~....#..######
#.####...~..~~.≈≈≈≈~..###.##....
#.##..#..~≈~≈≈~.≈~≈≈~...##...###
#.####...≈≈≈≈≈~..~≈≈~~..#....#
#.###.##.≈≈≈≈~.@.~≈≈≈..###.#.#
#.##)##.~≈~≈~≈...~≈~~~..####.#
#....#..~~~.≈≈≈.~≈≈≈...~..##.#
##...##......~≈≈~.~~~..~~~.##.#
...#.#....##.~~~~~....~~~...#.#
##.#.###..#...........~...###.#
...####..#.#.###)###.~...####.#
.#.#..†####### #...##.#####.#.#
...######## ########.....#.#


There were no monsters in sight!

Vanquished Creatures
  the Royal Jelly (Slime:5)
  A dread lich (Depths:3)
  Mara (Vaults:2)
  Sojobo (Vaults:2)
  Boris (thrice) (Vaults:2 Vaults:3 Depths:2)
  Saint Roka (Orc:2)
  Frederick (Depths:4)
  4 caustic shrikes (Depths:4)
  A Killer Klown (Zot:2)
  2 curse toes
  8 golden dragons
  Rupert (Snake:1)
  6 tentacled monstrosities
  A walking crystal tome (Depths:2)
  A walking frostbound tome (Depths:3)
  5 deep elf blademasters
  10 Orb Guardians
  7 quicksilver dragons
  13 acid blobs
  4 deep elf master archers
  3 tentacled starspawn (Abyss:4)
  3 sphinxes
  5 death cobs
  Gastronok (D:11)
  6 shadow dragons
  5 tengu reavers
  4 storm dragons
  5 thorn hunters
  4 nagarajas
  6 rockslimes
  7 azure jellies
  3 fenstrider witches (Swamp:4)
  6 fire giants
  8 draconian monks
  2 draconian knights
  2 draconian scorchers (Zot:2)
  6 deep elf sorcerers
  10 frost giants
  2 iron dragons (Vaults:5)
  2 orc warlords
  9 deep elf elementalists
  An angel (Depths:4)
  11 ironbound preservers
  10 vault wardens
  3 cacodemons
  A draconian shifter (Zot:2)
  A balrug (Depths:4)
  8 quicksilver oozes
  31 very ugly things
  2 reapers
  A ghoul (Swamp:4)
  2 draconian annihilators
  The ghost of siradein the Purveyor of Pain, a journeyman DsNe of Kikubaaqudgha (Orc:1)
  2 war gargoyles
  11 ironbound thunderhulks
  18 stone giants
  6 deep elf demonologists
  An entropy weaver (Abyss:4)
  12 green draconians
  12 white draconians
  8 purple draconians
  2 lorocyprocas (Abyss:4)
  3 yellow draconians
  A minotaur (Gauntlet)
  4 bunyips
  14 dire elephants
  15 deep elf annihilators
  10 black draconians
  5 spark wasps
  5 red draconians
  An eidolon (Abyss:4)
  3 blizzard demons
  5 deep elf death magi
  A green death (Swamp:4)
  4 crystal guardians
  7 yaktaur captains
  2 jiangshi (Depths:4)
  8 ettins
  Josephine (Lair:3)
  8 deep elf high priests
  11 fire dragons
  3 shambling mangroves (Swamp:4)
  12 ice dragons
  4 rakshasas (Depths:1)
  26 vault guards
  8 great orbs of eyes
  9 ironbound frosthearts
  9 hydras
  2 ghost crabs
  4 ogre magi
  4 boulder beetles
  7 salamander tyrants
  4 peacekeepers
  9 spriggan air magi
  2 catoblepae
  A hell beast (D:15)
  Erica (D:9)
  12 anacondas
  15 centaur warriors
  18 naga warriors
  11 alligators
  29 dancing weapons
  8 two-headed ogres
  An alligator (shapeshifter) (Depths:2)
  7 deep troll earth magi
  7 deep troll shamans
  12 tengu warriors
  4 death yaks (Lair:3)
  3 spriggan berserkers
  A thrashing horror (Abyss:4)
  An orc high priest (Orc:2)
  A vampire mage (Depths:4)
  4 soul eaters
  13 naga sharpshooters
  5 shock serpents
  2 titan zombies (Depths:3)
  16 hell knights
  2 shock serpents (shapeshifter)
  2 sun demons
  2 wretched stars (Abyss:4)
  Sonja (Lair:4)
  17 deep elf knights
  Nergalle (D:10)
  3 spriggans
  A fire crab (shapeshifter) (D:14)
  A spatial maelstrom (Abyss:4)
  9 salamander mystics
  8 iron trolls
  9 starcursed masses (Abyss:4)
  3 death drakes (Depths:4)
  7 sixfirhies
  7 goliath frogs
  7 glowing orange brains
  Lodul (D:11)
  7 bog bodies
  2 spriggan druids (Swamp:4)
  38 deep trolls
  9 naga ritualists
  16 ironbound convokers
  6 lindwurms
  A glowing orange brain (shapeshifter) (Depths:4)
  2 flayed ghosts
  5 swamp dragons
  An orb spider (Zig:2)
  32 deep elf pyromancers
  10 wizards
  An obsidian statue (Depths:4)
  10 necromancers
  Pikel (D:4)
  5 mana vipers
  4 harpies
  2 phantasmal warriors (Zig:3)
  15 deep elf archers
  9 orc knights
  31 deep elf zephyrmancers
  10 orc sorcerers
  32 ugly things
  2 manticores
  6 will-o-the-wisps
  A worldbinder (Abyss:4)
  10 salamanders
  5 shining eyes
  A salamander (shapeshifter) (Abyss:4)
  A wolf spider (Lair:1)
  12 moths of wrath
  10 cyclopes
  2 guardian serpents
  An iron dragon skeleton (Depths:3)
  34 black mambas
  4 apocalypse crabs
  A rust devil (D:15)
  2 ice statues (IceCv)
  4 eyes of devastation
  7 orange demons
  6 smoke demons
  14 vault sentinels
  15 cane toads
  8 elephants
  A gargoyle (D:14)
  An eye of devastation (shapeshifter) (D:10)
  19 naga magi
  A hellion (Depths:4)
  4 rime drakes
  2 komodo dragons
  4 unseen horrors
  2 kobold demonologists (D:12)
  2 freezing wraiths
  Psyche (D:9)
  A tormentor (Abyss:4)
  An efreet (D:15)
  4 anaconda simulacra (IceCv)
  24 yaktaurs
  3 ancient zymes
  A tengu conjurer (Depths:4)
  10 trolls
  A demonic crawler (Zig:2)
  9 ice devils
  A queen bee (shapeshifter) (Elf:2)
  7 hellwings
  A silent spectre (Vaults:1)
  A bloated husk (Swamp:4)
  12 large abominations
  2 polar bears
  13 tyrant leeches
  12 hornets
  15 blink frogs
  Grinder (D:3)
  62 slime creatures
  5 raiju (Abyss:4)
  12 small abominations
  A culicivora (shapeshifter) (D:15)
  4 air elementals
  9 water elementals
  8 wraiths
  3 shadows
  3 basilisks
  9 humans (D:13)
  A culicivora (Zig:2)
  6 ynoxinuls
  2 wyverns (D:10)
  36 yaks
  3 dire elephant simulacra (IceCv)
  3 fire elementals
  5 neqoxecs
  Grum (D:10)
  A yak (shapeshifter) (Elf:1)
  A redback (shapeshifter) (Abyss:4)
  3 steam dragons
  4 chaos spawn
  17 vampire mosquitoes
  Menkaure (D:6)
  2 harpy simulacra (IceCv)
  32 nagas
  A spatial vortex (Abyss:4)
  5 wargs
  12 swamp worms
  11 water moccasins
  2 acid dragons
  A hydra simulacrum (IceCv)
  A floating eye (shapeshifter) (Elf:2)
  A floating eye (Depths:4)
  3 black bears
  2 ice beasts
  32 orc warriors
  8 boggarts
  21 ogres
  5 centaurs
  12 wolves
  A phantom (D:7)
  6 kobold brigands
  Blork the orc (D:4)
  11 bullfrogs
  A scorpion (D:5)
  A cane toad simulacrum (IceCv)
  4 wights (D:8)
  5 killer bees
  A vampire bat (D:5)
  5 electric eels
  6 howler monkeys
  A quasit (Abyss:4)
  6 hounds
  15 orc priests
  2 jellies
  Ijyb (D:4)
  Natasha (twice) (D:2)
  5 hell rats (Lair:2)
  2 iguanas (D:5)
  28 orc wizards
  A troll simulacrum (IceCv)
  9 gnolls
  5 adders
  4 river rats (Lair:2)
  2 shadow imps
  4 white imps
  2 ufetubi
  2 worms
  3 fire bats (D:5)
  80 orcs
  2 spectral bats (D:5)
  21 bats
  3 bat skeletons (D:5)
  A bat zombie (D:5)
  6 endoplasms
  2 giant cockroaches
  8 goblins
  8 hobgoblins
  4 jackals
  10 kobolds
  8 quokkas
  7 ball pythons
  A bat simulacrum (D:5)
  A frilled lizard (D:3)
  12 rats
  A lurking horror (Abyss:4)
  4 starspawn tentacles (Abyss:4)
1996 creatures vanquished.

Vanquished Creatures (collateral kills)
  Bai Suzhen (Vaults:2)
  A Hell Sentinel (Zot:5)
  3 titans (Vaults:5)
  11 Orb Guardians (Zot:5)
  2 storm dragons (Vaults:5)
  A fire giant (Vaults:5)
  3 frost giants (Vaults:5)
  A vault warden (Vaults:5)
  A balrug (Zot:5)
  A frost giant (shapeshifter) (Vaults:5)
  A demonspawn blood saint (Zot:5)
  A stone giant (Vaults:5)
  A very ugly thing (Vaults:5)
  A war gargoyle (Vaults:5)
  An ettin (Vaults:5)
  A green death (Zot:3)
  A deep elf death mage (Vaults:5)
  4 vault guards (Vaults:5)
  A moth of wrath (Zot:5)
  2 ogres (Vaults:5)
  An orc wizard (Vaults:5)
  An orc (Vaults:5)
41 creatures vanquished.

Vanquished Creatures (others)
  A Killer Klown (Zot:5)
  An electric golem (Zot:5)
  A tentacled monstrosity (Vaults:5)
  A titan (Vaults:5)
  2 Orb Guardians (Zot:5)
  A sphinx (Vaults:5)
  A storm dragon (Vaults:5)
  2 tengu reavers (Vaults:5)
  A draconian knight (Zot:1)
  2 frost giants (Vaults:5)
  An iron dragon (Vaults:5)
  A vault warden (Vaults:5)
  2 stone giants (Vaults:5)
  An ironbound preserver (Vaults:5)
  A war gargoyle (Vaults:5)
  A very ugly thing (Vaults:5)
  A deep elf demonologist (Vaults:5)
  An ettin (Vaults:5)
  A great orb of eyes (Vaults:5)
  3 yaktaur captains (Vaults:5)
  9 vault guards (Vaults:5)
  An ogre mage (Vaults:5)
  2 deep troll earth magi (Vaults:5)
  2 hell knights (Vaults:5)
  A deep elf knight (Elf:1)
  A goliath frog (Swamp:3)
  2 phantasmal warriors (Vaults:5)
  3 ironbound convokers (Vaults:5)
  A deep elf zephyrmancer (Elf:3)
  A necromancer (Vaults:5)
  A salamander (shapeshifter) (Vaults:5)
  A vault sentinel (Vaults:5)
  An unseen horror (D:10)
  A bloated husk (Swamp:3)
  A meliai (shapeshifter) (Vaults:5)
  A human (D:13)
  A rat (Lair:2)
  12 foxfires
  43 fungi
  80 plants
  5 starspawn tentacles (Abyss:4)
196 creatures vanquished.

Grand Total: 2233 creatures vanquished

Notes
Turn   | Place    | Note
-------+----------+-------------------------------------------
     0 | D:1      | freelancePsychic the Barachi Wanderer began the quest for
                  | the Orb.
     0 | D:1      | freelancePsychic set off with the following items: a +2
                  | short sword, a +0 hand axe, a +0 pair of boots, a potion of
                  | berserk rage, a +0 leather armour.
     0 | D:1      | Reached XP level 1. HP: 17/17 MP: 1/1
   157 | D:1      | Reached XP level 2. HP: 17/23 MP: 2/2
   661 | D:1      | Reached skill level 1 in Ranged Weapons
   662 | D:1      | Reached XP level 3. HP: 29/29 MP: 3/3
  1146 | D:2      | Found a faded altar of an unknown god.
  1396 | D:2      | Reached XP level 4. HP: 35/35 MP: 4/4
  1646 | D:3      | Noticed Grinder
  1689 | D:3      | Noticed Sigmund
  1734 | D:3      | Paralysed by Grinder for 2 turns
  1891 | D:3      | Found an opulent altar of Gozag.
  1904 | D:3      | Became a worshipper of Gozag Ym Sagoz the Greedy
  2056 | D:3      | Paralysed by Grinder for 4 turns
  2065 | D:3      | Killed Grinder
  2066 | D:3      | Reached XP level 5. HP: 30/43 MP: 5/5
  2066 | D:3      | Reached XP level 6. HP: 35/49 MP: 6/6
  2502 | D:2      | Noticed Natasha
  2506 | D:2      | Killed Natasha
  2507 | D:2      | Reached skill level 5 in Fighting
  2795 | D:4      | Noticed Ijyb
  2812 | D:4      | Killed Ijyb
  2934 | D:4      | Reached skill level 5 in Ranged Weapons
  2934 | D:4      | Reached XP level 7. HP: 38/56 MP: 7/7
  3147 | D:4      | Found a staircase to the Ecumenical Temple.
  3283 | D:4      | Found a blossoming altar of Fedhas.
  3492 | D:4      | Found an iron altar of Okawaru.
  3494 | D:4      | Noticed Blork the orc
  3505 | D:4      | Killed Blork the orc
  3600 | D:4      | Noticed Pikel
  3618 | D:4      | Killed Pikel
  3619 | D:4      | Reached XP level 8. HP: 67/67 MP: 8/8
  3760 | D:5      | Entered Level 5 of the Dungeon
  3919 | D:5      | Noticed a yak
  3919 | D:5      | Noticed a yak
  3942 | D:5      | Noticed a yak
  4001 | D:5      | Reached skill level 1 in Armour
  4243 | D:5      | Reached XP level 9. HP: 70/74 MP: 9/9
  4448 | D:5      | Found a hide-covered altar of Uskayaw.
  4625 | D:6      | Noticed Menkaure
  4629 | D:6      | Killed Menkaure
  4941 | D:6      | Identified the +0 scale mail "Upyzif" {rN+ Will+}
  5087 | D:6      | Reached skill level 10 in Ranged Weapons
  5101 | D:6      | Reached skill level 5 in Armour
  5111 | D:6      | Reached XP level 10. HP: 32/83 MP: 10/10
  5492 | D:6      | Found a sparkling altar of Nemelex Xobeh.
  5534 | D:6      | Identified a scroll of acquirement
  5535 | D:6      | Acquired 1016 gold pieces
  5607 | D:6      | Identified the ring of Kufawakh {rF+ rC+ MP-9 Dex+4}
  5921 | D:6      | Bought the +3 pair of mountain boots {steadfast, rC+} for
                  | 1172 gold pieces
  5921 | D:6      | Found the +3 pair of mountain boots {steadfast, rC+}
  5921 | D:6      | Bought a crude ring mail for 315 gold pieces
  5921 | D:6      | Identified the +0 ring mail of Yfeddih {Int-3 Dex+4} (You
                  | bought it in a shop on level 6 of the Dungeon)
  6580 | D:7      | Found a runed translucent door.
  6582 | D:7      | Found a basalt altar of Yredelemnul.
  6741 | D:8      | Found a staircase to the Lair.
  6960 | D:8      | Reached skill level 10 in Fighting
  7217 | D:8      | Found a shimmering blue altar of Sif Muna.
  7225 | D:8      | Found a sacrificial altar of Ru.
  7228 | D:8      | Found a stormy altar of Qazlal.
  7231 | D:8      | Found a broken altar of Ashenzari.
  7324 | D:9      | Noticed a two-headed ogre
  7336 | D:9      | Killed a two-headed ogre
  7442 | D:9      | Noticed Psyche
  7824 | D:9      | Reached XP level 11. HP: 43/92 MP: 2/11
  8214 | D:9      | Killed Psyche
  8215 | D:9      | Reached skill level 5 in Dodging
  8445 | D:10     | Entered Level 10 of the Dungeon
  8445 | D:10     | Noticed a two-headed ogre
  8522 | D:10     | Noticed Erica
  8560 | D:10     | Noticed Grum
  8655 | D:9      | Killed Erica
  8916 | D:10     | Killed a two-headed ogre
  8941 | D:10     | Killed Grum
  9176 | D:10     | Found a staircase to the Orcish Mines.
  9586 | D:10     | Identified the ring "Roebonel" {Fire Int+2 Dex+6 Stlth-}
  9586 | D:10     | Noticed a tengu warrior
  9795 | D:10     | Noticed Nergalle
  9823 | D:10     | HP: 2/82 [spectral orc knight/+0 great mace[Nergalle] (3)]
 10268 | Lair:1   | Entered Level 1 of the Lair of Beasts
 11341 | Lair:1   | Noticed an eight-headed hydra
 11430 | Lair:1   | Noticed a boulder beetle
 11460 | Lair:2   | Found a staircase to the Swamp.
 11762 | Lair:2   | Reached XP level 12. HP: 102/102 MP: 3/12
 12756 | Lair:2   | Found a staircase to the Snake Pit.
 12945 | Lair:2   | Noticed a catoblepas
 13308 | Lair:1   | Bought a tin of tremorstones (2/2) for 520 gold pieces
 13345 | Lair:1   | Reached skill level 1 in Evocations
 13353 | Lair:1   | Noticed a four-headed hydra
 13375 | Lair:1   | Killed a four-headed hydra
 13479 | Lair:1   | Killed an eight-headed hydra
 13778 | Lair:1   | a boulder beetle changed into a wolf spider
 14442 | Lair:3   | Noticed Josephine
 15470 | Lair:3   | Noticed a death yak
 15470 | Lair:3   | Noticed a death yak
 15470 | Lair:3   | Noticed a death yak
 15470 | Lair:3   | Noticed a death yak
 15473 | Lair:3   | Found a transporter.
 15474 | Lair:3   | Noticed Zeldest's ghost (journeyman DEHu)
 15476 | Lair:3   | Found a bloodstained altar of Trog.
 15806 | Lair:3   | Reached skill level 5 in Evocations
 15822 | Lair:2   | Killed a catoblepas
 16760 | D:10     | Killed a tengu warrior
 16801 | D:10     | Identified the ring "Vuvinem" {rF+ Int+4}
 16941 | D:10     | Identified the ring of the Assorted Blessings {Fly Will+
                  | Int+3}
 16948 | D:10     | Gained mutation: You can hop long distances. [Barachi
                  | growth]
 16948 | D:10     | Reached XP level 13. HP: 111/111 MP: 4/13
 16957 | D:10     | Reached skill level 15 in Ranged Weapons
 17240 | D:10     | Identified the amulet "Wixommei" {Regen+ Int-2 Dex+8}
 17340 | D:11     | Noticed Gastronok
 17510 | D:11     | Noticed Lodul
 17524 | D:11     | Killed Lodul
 17731 | D:11     | Found Kugh's Vocational Training.
 17740 | D:11     | Bought a manual of Evocations for 1360 gold pieces
 17867 | D:11     | Killed Gastronok
 18637 | Lair:3   | Found a transporter.
 19014 | Lair:3   | Identified the amulet of the Ban {RegenMP Str-3 Slay+5
                  | Stlth+}
 19486 | Lair:4   | Found a gate leading to a gauntlet.
 19496 | Gauntlet | Entered a Gauntlet
 19496 | Gauntlet | Found a transporter.
 19496 | Gauntlet | Found a transporter.
 19498 | Gauntlet | Found a transporter.
 19510 | Gauntlet | Found a transporter.
 19513 | Gauntlet | Found a transporter.
 19519 | Gauntlet | Found a runed translucent gate.
 19519 | Gauntlet | Found a runed translucent gate.
 19519 | Gauntlet | Found a runed translucent gate.
 19521 | Gauntlet | Found a transporter.
 19525 | Gauntlet | Found a transporter.
 19529 | Gauntlet | Found a runed translucent door.
 19529 | Gauntlet | Found a runed translucent door.
 19530 | Gauntlet | Noticed a dire elephant
 19534 | Gauntlet | Found a transporter.
 19549 | Gauntlet | Found a transporter.
 19563 | Gauntlet | Found a transporter.
 19567 | Gauntlet | Found a transporter.
 19579 | Gauntlet | Found a transporter.
 20293 | Gauntlet | Killed a dire elephant
 20364 | Gauntlet | Identified the +3 hat of Ukuetud {rF++ rC+ Str-4 SInv}
 20395 | Gauntlet | Noticed a minotaur
 20407 | Gauntlet | Killed a minotaur
 20778 | Lair:4   | Noticed Sonja
 20782 | Lair:4   | Killed Sonja
 21052 | Lair:4   | Found a viscous altar of Jiyva.
 21053 | Lair:4   | Found a staircase to the Slime Pits.
 21272 | Lair:5   | Entered Level 5 of the Lair of Beasts
 21326 | Lair:5   | Reached XP level 14. HP: 112/121 MP: 14/14
 21392 | Lair:5   | Reached skill level 15 in Fighting
 21565 | Lair:4   | Reached skill level 10 in Evocations
 22368 | Lair:5   | Upgraded the game from 0.29-a0-1065-g47a6bb87d6 to
                  | 0.30-a0-2-gf48d83f5e2
 22621 | D:12     | Found a radiant altar of Vehumet.
 22846 | D:10     | Killed Nergalle
 22854 | Orc:1    | Entered Level 1 of the Orcish Mines
 22964 | Orc:1    | Found a frozen archway.
 22974 | IceCv    | Entered an ice cave
 23328 | IceCv    | Noticed a reaper
 23351 | IceCv    | Killed a reaper
 23454 | IceCv    | Got the Collected Works on Graupel
 23510 | Orc:1    | Found a runed translucent gate.
 23511 | Orc:1    | Found a runed translucent gate.
 23527 | Orc:1    | Found a runed translucent gate.
 23559 | Orc:1    | Found an opulent altar of Gozag.
 23561 | Orc:1    | Found Raasugh's Assorted Antiques.
 23562 | Orc:1    | Noticed siradein's ghost (journeyman DsNe)
 23761 | Orc:1    | Noticed an orc warlord
 23768 | Orc:1    | Killed an orc warlord
 23769 | Orc:1    | Reached XP level 15. HP: 131/131 MP: 15/15
 24050 | Orc:1    | Killed siradein's ghost
 24096 | Orc:1    | Bought a scroll of enchant weapon for 210 gold pieces
 24096 | Orc:1    | Bought a potion of curing for 84 gold pieces
 24096 | Orc:1    | Bought a scroll of immolation for 112 gold pieces
 24096 | Orc:1    | Bought a scroll of immolation for 112 gold pieces
 24104 | Orc:2    | Entered Level 2 of the Orcish Mines
 24314 | Orc:2    | Noticed Saint Roka
 24333 | Orc:2    | Killed Saint Roka
 24440 | Orc:2    | Found Barr's General Store.
 24452 | Orc:2    | Found Tyont's Antique Weapon Boutique.
 24459 | Orc:2    | Found Uleumife's Antique Armour Boutique.
 24481 | Orc:2    | Found Vaytiete's Book Boutique.
 24512 | Orc:2    | Bought a +2 hand crossbow of freezing for 237 gold pieces
 24512 | Orc:2    | Bought a scroll of enchant armour for 97 gold pieces
 24512 | Orc:2    | Bought a scroll of teleportation for 39 gold pieces
 24512 | Orc:2    | Bought a scroll of teleportation for 39 gold pieces
 24536 | Orc:2    | Bought a pair of runed gloves for 232 gold pieces
 24578 | Orc:2    | Found a staircase to the Elven Halls.
 25287 | D:12     | Reached skill level 1 in Shields
 25577 | D:13     | Reached skill level 2 in Shields
 25788 | D:13     | Reached skill level 3 in Shields
 25816 | D:13     | Found a gate to the Vaults.
 26635 | D:14     | Reached skill level 4 in Shields
 26809 | D:15     | Entered Level 15 of the Dungeon
 26846 | D:15     | Reached skill level 10 in Armour
 27383 | D:15     | Found a staircase to the Depths.
 27586 | Elf:1    | Entered Level 1 of the Elven Halls
 27590 | Elf:1    | Reached skill level 5 in Shields
 27596 | Elf:1    | Noticed a deep elf elementalist
 27600 | Elf:1    | Killed a deep elf elementalist
 27742 | Elf:1    | Reached XP level 16. HP: 141/141 MP: 16/16
 27790 | Elf:1    | Found Vuivodonu's Jewellery Shoppe.
 28020 | Elf:1    | Paralysed by an air elemental for 1 turns
 28023 | Elf:1    | Reached skill level 6 in Shields
 28224 | Elf:1    | Reached skill level 7 in Shields
 28310 | Elf:1    | Reached skill level 10 in Dodging
 28816 | Elf:2    | Reached skill level 8 in Shields
 28855 | Elf:2    | Found a radiant altar of Vehumet.
 29093 | Elf:2    | Identified the +8 quarterstaff of the Pits of Slime {pain,
                  | Will+}
 29193 | Elf:2    | Found a runed translucent gate.
 29193 | Elf:2    | Found a runed translucent gate.
 29201 | Elf:2    | Found a runed translucent gate.
 29355 | Elf:2    | Reached skill level 9 in Shields
 29501 | Elf:2    | Noticed a deep elf blademaster
 29651 | Elf:2    | Reached XP level 17. HP: 142/149 MP: 17/17
 29838 | Elf:2    | Killed a deep elf blademaster
 30027 | Elf:3    | Entered Level 3 of the Elven Halls
 30199 | Elf:3    | Reached skill level 10 in Shields
 30779 | Snake:1  | Entered Level 1 of the Snake Pit
 30838 | Snake:1  | Found a transporter.
 30914 | Snake:1  | Noticed Rupert
 30920 | Snake:1  | Killed Rupert
 31078 | Snake:1  | Found a shimmering blue altar of Sif Muna.
 31289 | Snake:1  | Identified the ring of Ceheisho {rPois rC+ Str+3 Int+2}
 31569 | Snake:1  | Identified the +0 cloak of Hedging {rPois Slay+2}
 31612 | Snake:1  | Found a transporter.
 31705 | Snake:2  | Reached skill level 11 in Shields
 32123 | Snake:2  | Found an iron altar of Okawaru.
 32354 | Snake:3  | Reached skill level 15 in Armour
 32507 | Snake:3  | Reached XP level 18. HP: 152/158 MP: 9/18
 32590 | Snake:3  | Found Nixzu's Neck Hole.
 32888 | Snake:3  | Reached skill level 12 in Shields
 33293 | Snake:4  | Entered Level 4 of the Snake Pit
 33301 | Snake:4  | Found Nafuotzu's Weapon Shoppe.
 33682 | Snake:4  | Reached skill level 15 in Evocations
 33971 | Snake:4  | Got a serpentine rune of Zot
 34331 | Swamp:1  | Entered Level 1 of the Swamp
 34349 | Swamp:1  | Reached skill level 13 in Shields
 34517 | Swamp:1  | Identified the +4 trident of the Spider {drain, Will+
                  | Str+5}
 34978 | Swamp:1  | Upgraded the game from 0.30-a0-2-gf48d83f5e2 to
                  | 0.30-a0-4-ga7cffc901d
 35053 | Swamp:2  | Found a broken altar of Ashenzari.
 35505 | Swamp:2  | Reached XP level 19. HP: 166/166 MP: 10/19
 36103 | Swamp:4  | Entered Level 4 of the Swamp
 36232 | Swamp:4  | Noticed a tentacled monstrosity
 36242 | Swamp:4  | Killed a tentacled monstrosity
 36265 | Swamp:4  | Reached skill level 14 in Shields
 36883 | Swamp:4  | Got a decaying rune of Zot
 37605 | Elf:3    | Paralysed by an air elemental for 1 turns
 37633 | Elf:3    | Reached skill level 15 in Shields
 37699 | Elf:3    | Identified the ring of the Grinning Priest {*Corrode rC++
                  | Str+6 Int+3}
 37701 | Elf:3    | Identified the +5 battleaxe of Disaster {flame, rC+}
 37703 | Elf:3    | Reached XP level 20. HP: 171/174 MP: 11/20
 37705 | Elf:3    | Identified the +2 chain mail "Veixeb" {Fly rN+ Regen+
                  | Int+4}
 37796 | Elf:3    | Identified the +8 lajatang "Zyuwu" {pain, Int+2}
 38039 | Elf:3    | Identified the +2 scale mail of the Sixty-Six Priests {rF+
                  | Str+2}
 38062 | Elf:3    | Identified the +1 leather armour of the Fisher {rPois}
 38349 | Elf:3    | Identified the +3 spear of Inflation {vorpal, rElec Str+4
                  | Int-4}
 38355 | Elf:3    | Identified the +2 short sword of the Hidden Queens {holy,
                  | Int+2 SInv}
 38817 | Depths:1 | Entered Level 1 of the Depths
 38905 | Depths:1 | Found a hazy altar of Hepliaklqana.
 38927 | Depths:1 | Reached skill level 16 in Shields
 39026 | Depths:1 | Found a gateway to Hell.
 39124 | Depths:1 | Found Pigiudin's Magic Scroll Boutique.
 39133 | Depths:1 | Bought a scroll of acquirement for 1144 gold pieces
 39133 | Depths:1 | Acquired a manual of Fighting
 39497 | Depths:1 | Found a sacrificial altar of Ru.
 39954 | Depths:2 | Reached XP level 21. HP: 183/183 MP: 12/21
 39955 | Depths:2 | Reached skill level 17 in Shields
 39989 | Depths:2 | Found Zymacimida's Distillery.
 40003 | Depths:2 | Bought a potion of curing for 42 gold pieces
 40003 | Depths:2 | Bought 2 potions of heal wounds for 140 gold pieces
 40003 | Depths:2 | Bought a potion of curing for 42 gold pieces
 40003 | Depths:2 | Found Dyijemec's Antique Armour Shop.
 40023 | Depths:2 | Found a one-way gate leading to the halls of Pandemonium.
 40305 | Depths:2 | Reached skill level 15 in Dodging
 40867 | Vaults:1 | Entered Level 1 of the Vaults
 40893 | Vaults:1 | Reached skill level 18 in Shields
 41021 | Vaults:1 | Found a transporter.
 41073 | Vaults:1 | Found Xisif's General Store.
 41084 | Vaults:1 | Bought a scroll of enchant weapon for 127 gold pieces
 41261 | Vaults:1 | Found Equon's Armour Shop.
 41419 | Vaults:1 | Found the amulet of the Air {Inacc Air Fly rElec RMsl}
 41548 | Vaults:1 | Reached skill level 19 in Shields
 41674 | Vaults:1 | Found Ruxzi's Distillery.
 41680 | Vaults:1 | Bought a potion of resistance for 160 gold pieces
 41680 | Vaults:1 | Bought a potion of cancellation for 128 gold pieces
 41680 | Vaults:1 | Bought a potion of cancellation for 128 gold pieces
 41680 | Vaults:1 | Bought a potion of resistance for 160 gold pieces
 41857 | Vaults:1 | Found Qidwi's Assorted Antiques.
 42153 | Vaults:1 | Found a transporter.
 42159 | Vaults:1 | Found a runed translucent door.
 42159 | Vaults:1 | Found a bloodstained altar of Trog.
 42159 | Vaults:1 | Found the necklace of Bloodlust {*Rage Will++ Int-3 Slay+6}
 42286 | Vaults:1 | Identified the +4 chain mail of Least Resistance {Harm
                  | rElec Dex-4}
 42300 | Vaults:1 | Identified the +11 great mace of Risk Management {vorpal,
                  | rElec rC- Int+5 Stlth-}
 42439 | Vaults:2 | Noticed Sojobo
 42446 | Vaults:2 | Reached XP level 22. HP: 151/194 MP: 13/22
 42452 | Vaults:2 | Killed Sojobo
 42629 | Vaults:2 | Found a staircase to the Crypt.
 42629 | Vaults:2 | Found an ancient bone altar of Kikubaaqudgha.
 42630 | Vaults:2 | Found a basalt altar of Yredelemnul.
 42630 | Vaults:2 | Noticed Bai Suzhen
 42639 | Vaults:2 | Killed Bai Suzhen
 42800 | Vaults:2 | Noticed Mara
 42802 | Vaults:2 | Noticed freelancePsychic's illusion
 42804 | Vaults:2 | Killed Mara
 43058 | Vaults:2 | Noticed Boris
 43063 | Vaults:2 | Reached skill level 20 in Shields
 43350 | Vaults:2 | Killed Boris
 43902 | Vaults:3 | Found a large runed translucent door.
 43902 | Vaults:3 | Noticed Xafer's ghost (adept DsGl)
 43902 | Vaults:3 | Noticed Ladeyfunk's ghost (adept DsBe)
 43903 | Vaults:3 | Found a large runed translucent door.
 43920 | Vaults:3 | Noticed Boris
 43933 | Vaults:3 | Killed Boris
 44999 | Vaults:4 | Reached skill level 21 in Shields
 45405 | Vaults:4 | Reached XP level 23. HP: 207/207 MP: 14/23
 46380 | Vaults:5 | Entered Level 5 of the Vaults
 46386 | Vaults:5 | Paralysed by an ogre mage for 3 turns
 46482 | Vaults:5 | Identified the +7 chain mail "Paraike" {Str+2}
 46511 | Vaults:5 | Reached skill level 22 in Shields
 46762 | Vaults:5 | Identified the ring "Heinkec" {Will+ Int+6}
 46898 | Vaults:5 | Got a silver rune of Zot
 46920 | Vaults:5 | Identified the +2 plate armour "Okhutwy" {rC+++ Regen+
                  | Str+2 Int-5}
 47122 | Vaults:5 | Identified the +3 scale mail "Raagriugep" {Harm Int+2}
 47175 | Vaults:5 | Noticed a caustic shrike
 47177 | Vaults:5 | Noticed a golden dragon
 47177 | Vaults:5 | a caustic shrike changed into a golden dragon
 47179 | Vaults:5 | a golden dragon changed into a sphinx
 47184 | Vaults:5 | Noticed a dread lich
 47367 | Vaults:5 | Noticed a dread lich
 47489 | Vaults:5 | Identified the +7 dagger of Ahopnyvy {freeze, SInv}
 48336 | Depths:3 | Noticed Boris
 48340 | Depths:3 | Reached skill level 23 in Shields
 48451 | Depths:2 | Killed Boris
 48643 | Depths:3 | Reached XP level 24. HP: 171/215 MP: 14/23
 49069 | Depths:3 | Noticed a dread lich
 49083 | Depths:3 | Reached skill level 24 in Shields
 49093 | Depths:3 | Killed a dread lich
 49219 | Depths:3 | Identified the +10 trident "Teom" {protect, *Rage rElec
                  | rF+}
 49300 | Depths:3 | Found a transporter.
 49307 | Depths:3 | Noticed a caustic shrike
 49308 | Depths:3 | Noticed Bysat's ghost (adept DgFi)
 49309 | Depths:3 | Noticed a caustic shrike
 49355 | Depths:3 | Found a transporter.
 49393 | Depths:3 | Found Nueho's Antique Weapon Shop.
 49508 | Depths:3 | Found a one-way gate to the infinite horrors of the Abyss.
 49619 | Depths:4 | Entered Level 4 of the Depths
 49619 | Depths:4 | Found a one-way gateway to a ziggurat.
 49749 | Depths:4 | Noticed Frederick
 49756 | Depths:4 | Paralysed by a floating eye for 4 turns
 49765 | Depths:4 | Killed Frederick
 49766 | Depths:4 | Reached skill level 25 in Shields
 50007 | Depths:4 | Noticed a caustic shrike
 50008 | Depths:4 | Noticed a caustic shrike
 50009 | Depths:4 | Noticed a caustic shrike
 50013 | Depths:4 | Killed a caustic shrike
 50014 | Depths:4 | Noticed a caustic shrike
 50015 | Depths:4 | Killed a caustic shrike
 50018 | Depths:4 | Killed a caustic shrike
 50019 | Depths:4 | Killed a caustic shrike
 50118 | Depths:4 | Reached skill level 26 in Shields
 50522 | Depths:4 | Reached XP level 25. HP: 223/223 MP: 14/23
 50545 | Depths:4 | Identified the amulet of Laplun {RegenMP rF+}
 50637 | Depths:4 | Reached skill level 27 in Shields
 50709 | Depths:4 | Found a gate to the Realm of Zot.
 51113 | Zig:1    | Entered Level 1 of a ziggurat
 51131 | Zig:2    | Entered Level 2 of a ziggurat
 51158 | Zig:3    | Entered Level 3 of a ziggurat
 51187 | Zig:4    | Entered Level 4 of a ziggurat
 51211 | Zig:4    | Got the Exposition on Bewitching Permutations
 51214 | Zig:5    | Entered Level 5 of a ziggurat
 51231 | Abyss:2  | Cast into level 2 of the Abyss (a deep elf demonologist)
 51687 | Abyss:4  | Got an abyssal rune of Zot
 51689 | Zig:5    | Escaped the Abyss
 52130 | Lair:3   | Killed Josephine
 52170 | Slime:1  | Entered Level 1 of the Pits of Slime
 52456 | Slime:5  | Entered Level 5 of the Pits of Slime
 52600 | Slime:5  | Noticed the Royal Jelly
 52628 | Slime:5  | Killed the Royal Jelly
 52768 | Slime:5  | Identified the +8 lajatang of Fee Simple {vorpal, rN+}
 52840 | Slime:5  | Got a slimy rune of Zot
 52881 | Slime:5  | Identified the +1 robe of Ziskeuti {Will+ Int+3 Slay+2
                  | Archmagi}
 52883 | Slime:5  | Identified the +6 chain mail of Xirausk {rC+ rN++}
 52908 | Slime:5  | Gained mutation: Your magical capacity is low. (-10% MP) [a
                  | shining eye]
 53346 | Zot:1    | Entered Level 1 of the Realm of Zot
 53440 | Zot:2    | Reached XP level 26. HP: 234/234 MP: 11/20
 53590 | Zot:2    | Noticed a Killer Klown
 53596 | Zot:2    | Killed a Killer Klown
 54116 | Zot:4    | Identified the +8 dire flail of the Hummingbird {vamp,
                  | Int+2}
 54126 | Zot:5    | Entered Level 5 of the Realm of Zot
 54554 | Zot:5    | Noticed a Killer Klown
 54554 | Zot:5    | Noticed an orb of fire
 54554 | Zot:5    | Noticed an orb of fire
 54558 | Zot:5    | Noticed an orb of fire
 54558 | Zot:5    | Noticed a Killer Klown
 54558 | Zot:5    | Noticed an orb of fire
 54563 | Zot:5    | Noticed a Killer Klown
 54569 | Zot:5    | Killed a Killer Klown
 54597 | Zot:5    | Got the Orb of Zot
 54895 | D:15     | Noticed Moocs the pandemonium lord
 54994 | D:9      | Noticed Bauwkol the pandemonium lord
 55114 | D:2      | Noticed Natasha
 55115 | D:2      | Killed Natasha
 55136 | D:2      | Noticed Natasha
 55162 | D:$      | Escaped with the Orb!

Illustrated notes

Levels and vault maps discovered:
D:1:      dpeg_arrival_subterranean_lakeside_camping, layout_basic,
          kennysheep_flooded_box, minmay_tripent
D:2:      layout_basic, serial_corexii_hall, corexii_hall_statues_x,
          corexii_hall_statues_x, ebering_ecumenical_altar_mist, uniq_natasha
D:3:      layout_basic, amcnicky_altar_gilded, minmay_misc_feat_alley,
          hangedman_decor_slide_cut, minmay_starry_boxes, uniq_grinder,
          uniq_sigmund
D:4:      layout_loops_ring, okawaru_ov_weapons_minmay, fedhas_altar_1,
          minmay_temple_entry_sparse_star, minmay_fractal_squares_5, uniq_ijyb,
          uniq_blork_the_orc, uniq_pikel
D:5:      layout_basic, nicolae_uskayaw_dance_hall, goddamned_bats
D:6:      layout_loops_ring, nemelex_dance_club_becter, uniq_menkaure
D:7:      layout_basic, dk_yredelemnul_ordeal
D:8:      layout_rooms, grunt_temple_overflow_cloverleaf, lair_entry_dummy,
          serial_glass, glass_columns_c, glass_columns_a, glass_columns_a,
          glass_columns_a
D:9:      layout_cave_pools, kennysheep_island_fort, uniq_psyche
D:10:     minmay_the_grid_triangle_9x9_rhombus_thin
          [minmay_the_grid_triangle_9x9_sparse_checkered,
          minmay_the_grid_triangle_9x9_prize_special,
          minmay_the_grid_triangle_9x9_dagger,
          minmay_the_grid_triangle_9x9_impossible_snake], layout_rooms,
          david_orc_3, uniq_erica, uniq_nergalle, uniq_grum
D:11:     layout_loops_ring, nicolae_shop_vocational, uniq_lodul, uniq_gastronok
D:12:     layout_big_octagon, nicolae_vehumet_radiance
D:13:     layout_cave_pools, ximxim_vaults_locker_room, roderic_roman_lattice
D:14:     layout_basic
D:15:     grunt_enter_depths_snipers, layout_long_grid
Lair:1:   layout_cave_pods
Lair:2:   layout_small_grid, minmay_swamp_entry_worms,
          minmay_snake_entry_guardpost_medium, kennysheep_abandoned_house
Lair:3:   layout_gridlike, gammafunk_ghost_wrathful_warriors, uniq_josephine
Lair:4:   layout_regular_city, dpeg_slime_entry_enclosed,
          gauntlet_entry_generic, grunt_megastairs_2, uniq_sonja
Lair:5:   minmay_lair_end_frog_pond, layout_regular_city
Swamp:1:  layout_basic_swamp, nicolae_swamp_round_clearing,
          hangedman_swamp_blocks
Swamp:2:  layout_basic_swamp, lemuel_altar_in_water, swamp_pool2
Swamp:3:  layout_basic_swamp, evilmike_swamp_ruin_rubble_2
Swamp:4:  nzn_swamp_witches_coven, layout_basic_swamp, swamp_pool4,
          infiniplex_staircase_pool_2
Snake:1:  gammafunk_sealed_library, layout_grid_shapes, st_stairs_3, uniq_rupert
Snake:2:  layout_misc_corridors, basic_altar
Snake:3:  layout_layer_cave, st_stairs_9, nicolae_shop_sticking_my_neck_out,
          lemuel_fruit_tree
Snake:4:  snake_pit, layout_gridlike, serial_shops, nicolae_square_shop
Slime:1:  layout_caves
Slime:2:  layout_caves
Slime:3:  layout_caves, cheibrodos_slime_lost_civilization_7
Slime:4:  nicolae_slime_jelly_donut, layout_caves
Slime:5
Orc:1:    layout_diamond_mine, portal_ice_cave_entry_pillars_1, basic_altar,
          ebering_ghost_gozag, minmay_orc_barracks
Orc:2:    grunt_orc_cross, layout_diamond_mine
Elf:1:    layout_gridlike, serial_shops, shop, evilmike_minifort,
          nicolae_concentric_dashed_squares_wild, drop_trap, kb_rosetta,
          roderic_lattice_octagonal_star
Elf:2:    nicolae_elf_blades_splatter_lattice [nicolae_blade_entry_pointy_end],
          layout_geoelf_diagonals, basic_altar, nrook_uturn
Elf:3:    nooodl_elf_gasket, layout_geoelf_castle, serial_sigils,
          serial_sigils_hangedman_gut, serial_sigils_hangedman_gnaw,
          serial_sigils_hangedman_shear
Vaults:1: emtedronai_trogs_sanctum, v_misc_22, v_alt_pattern_3,
          grunt_vaults_hallway_long, nicolae_vaults_ring_of_whatevers,
          vaults_mumra_minichess_inversion, v_misc_19,
          ontoclasm_vaults_loading_screen, ontoclasm_vaults_shuriken,
          nicolae_vaults_border_crossing, nicolae_vaults_diagonal_hallway_7,
          dpeg_vaults_monster_row, dpeg_vaults_monster_box, v_misc_5,
          nicolae_vaults_little_squares_5, vaults_room_pools,
          layout_vaults_omnibox, serial_shops, nicolae_shop_advertising_works
          [nicolae_subvault_shop_adworks], nicolae_shop_stone, shop,
          nicolae_shop_temple_entry_statues_fountains
Vaults:2: v_misc_24, vaults_room_fancy_cross, minmay_crypt_entry_necro_gods,
          vaults_dpeg_diagonal, ontoclasm_vaults_ligature, vaults_dpeg_hooks,
          v_misc_15, v_misc_29, vaults_mumra_lcd, v_misc_33, vaults_dpeg_cross,
          nicolae_vaults_shelves_hall, v_misc_27,
          nicolae_vaults_diagonal_hallway_8, vaults_room_fours,
          layout_vaults_ring, uniq_sojobo, uniq_bai_suzhen, uniq_boris,
          uniq_mara
Vaults:3: advil_vaults_ghost_guards, grunt_vaults_trifunnel, v_pattern_5,
          v_alt_pattern_4, ontoclasm_vaults_ring_large, v_misc_9,
          nicolae_vaults_angled_halls, v_misc_9, v_misc_23,
          layout_vaults_omnicross
Vaults:4: v_rooms_1, grunt_vaults_swirl, grunt_vaults_funnel, v_pattern_2,
          ontoclasm_vaults_twist, v_rooms_3, layout_vaults_omnigrid
Vaults:5: uniq_saint_roka
Depths:1: layout_forbidden_donut, hell_entry, serial_shops,
          nicolae_shop_temple_entry_statues_fountains,
          nicolae_hepliaklqana_hazy_memory, chequers_serial_rivers_micro_b,
          nicolae_ru_great_annihilating_truth, nicolae_triple_integral
Depths:2: minmay_box_of_statues, layout_cave_shapes, pan_entry,
          skrybe_limestone_x, hell_entry, infiniplex_staircase_pillars_3a,
          minmay_shoptagon
Depths:3: cheibrodos_salmonella, layout_basic,
          gammafunk_ghost_berserking_beasts, serial_shops, nicolae_square_shop,
          minmay_room_of_horrors, hangedman_geh_valley, kennysheep_cross_room,
          infiniplex_staircase_9_rooms, serial_bayou_shore_b
Depths:4: lemuel_castle_with_subvaults [lemuel_castle_interior_carwin_1],
          layout_gridlike, enter_ziggurat_f, abyss_entry_glasseish,
          grunt_hell_entry_demonic_statue, minmay_misc_feat_more_columns,
          kilobyte_mutagenic_chamber, kennysheep_random_hallway, uniq_frederick,
          uniq_josephina
Zot:1:    layout_twisted_circle
Zot:2:    layout_misc_corridors, st_stairs_10
Zot:3:    layout_misc_corridors, grunt_megastairs_3
Zot:4:    layout_onion_interference
Zot:5:    layout_cathedral_of_symmetry

Skill      XL: |  1  2  3  4  5  6  7  8  9 10 11 12 13 14 15 16 17 18 19 20 21 22 23 24 25 26 |
---------------+-------------------------------------------------------------------------------+-----
Stealth        | 2 |  2.0
Ranged Weapons | 1 2 4 5 7 8 10 12 13 14 16 18 | 18.0
Fighting       | 3 4 5 7 9 10 12 13 14 16 17 18 19 20 21 23 24 25 | 25.5
Armour         | 2 5 6 7 10 13 15 16 18 19 20 23 24 25 | 25.1
Dodging        | 4 6 7 9 10 11 12 13 14 16 17 18 20 | 20.0
Evocations     | 6 9 12 13 14 15 16 17 18 | 18.5
Shields        | 5 9 11 13 15 16 19 21 23 26 27 | 27.0
Short Blades   | |  4.7
Axes           | |  1.1

Action                   |  1- 3 |  4- 6 |  7- 9 | 10-12 | 13-15 | 16-18 | 19-21 | 22-24 | 25-27 || total
-------------------------+-------+-------+-------+-------+-------+-------+-------+-------+-------++-------
Melee: Short sword       |    37 |       |    14 |       |       |       |       |       |       ||    51
       Punch             |     1 |       |       |       |       |       |       |       |       ||     1
 Fire: Sling             |    71 |   108 |   272 |   965 |       |       |       |       |       ||  1416
       Shortbow          |       |       |       |    86 |       |       |       |       |       ||    86
       Arbalest          |       |       |       |    22 |   763 |       |       |       |       ||   785
       Hand crossbow     |       |       |       |       |   172 |   858 |  1032 |  1080 |   741 ||  3883
Invok: Call Merchant     |       |       |       |     2 |       |       |       |       |       ||     2
       Potion Petition   |       |       |       |     1 |     1 |       |     1 |     1 |       ||     4
       Bribe Branch      |       |       |       |       |       |       |       |     1 |     3 ||     4
 Abil: Hop               |       |       |     5 |    17 |     5 |     2 |     4 |       |     3 ||    36
Evoke: Wand              |       |     6 |     2 |    24 |    13 |     1 |    10 |     1 |     1 ||    58
       Tin of tremorston |       |       |       |     2 |     3 |     6 |    11 |     7 |     8 ||    37
       Phial of floods   |       |       |       |       |       |       |     6 |     2 |     1 ||     9
       Condenser vane    |       |       |       |       |       |       |     4 |     7 |     1 ||    12
       Phantom mirror    |       |       |       |       |       |       |       |     1 |       ||     1
  Use: Scroll            |     4 |     3 |     3 |    28 |    13 |    11 |    14 |     3 |     8 ||    87
       Potion            |       |       |     1 |     8 |     6 |     1 |     2 |       |     9 ||    27
Armor: Leather armour    |    16 |       |       |       |       |       |       |       |       ||    16
       Ring mail         |    17 |    22 |   121 |   183 |   175 |    79 |    66 |    91 |    41 ||   795
       Skin              |       |       |       |       |       |       |       |       |     5 ||     5
Dodge: Dodged            |    42 |    30 |   103 |   329 |   302 |   157 |   226 |   378 |   204 ||  1771
Block: Kite shield       |       |       |       |       |    76 |   239 |   204 |       |       ||   519
       Tower shield      |       |       |       |       |       |       |   156 |   872 |   460 ||  1488

Table legend: (Time is in decaauts)
 A = Elapsed time spent in this place.
 B = Non-inter-level travel time spent in this place.
 C = Inter-level travel time spent in this place.
 D = Time resting spent in this place.
 E = Time spent auto-exploring this place.
 F = Levels seen in this place.
 G = Mean time per level.
                   A        B        C        D        E       F      G
               +--------+--------+--------+--------+--------+-----+--------+
         Total |  62630 |  55845 |   6785 |   2041 |  41261 |  62 | 1010.2 |
       Dungeon |  18592 |  15385 |   3207 |    801 |  11847 |  15 | 1239.5 |
          Lair |  10565 |   9600 |    965 |    601 |   7576 |   5 | 2113.0 |
         Swamp |   3371 |   3130 |    241 |     18 |   2486 |   4 |  842.8 |
     Snake Pit |   4072 |   3743 |    329 |     10 |   2983 |   4 | 1018.0 |
    Slime Pits |    886 |    807 |     79 |     64 |    462 |   5 |  177.2 |
  Orcish Mines |   1874 |   1500 |    374 |      0 |   1069 |   2 |  937.0 |
   Elven Halls |   4949 |   4438 |    511 |      6 |   3258 |   3 | 1649.7 |
        Vaults |   8591 |   8090 |    501 |    114 |   5869 |   5 | 1718.2 |
        Depths |   5788 |   5313 |    475 |    197 |   3683 |   4 | 1447.0 |
           Zot |   1572 |   1472 |    100 |    229 |    680 |   5 |  314.4 |
         Abyss |    510 |    510 |      0 |      0 |    235 |   3 |  170.0 |
      Ziggurat |    250 |    250 |      0 |      0 |    146 |   5 |   50.0 |
      Ice Cave |    579 |    579 |      0 |      0 |    403 |   1 |  579.0 |
      Gauntlet |   1026 |   1026 |      0 |      0 |    561 |   1 | 1026.0 |
               +--------+--------+--------+--------+--------+-----+--------+

Top non-repeatable levels by time:
  Lair:2: 3723 daAuts
  Lair:1: 2638 daAuts
    D:10: 2019 daAuts
Vaults:1: 2004 daAuts
     D:9: 1955 daAuts
   Elf:3: 1922 daAuts
Depths:4: 1883 daAuts
Vaults:5: 1866 daAuts
  Lair:3: 1822 daAuts
Vaults:4: 1787 daAuts
   Elf:2: 1619 daAuts
Depths:2: 1553 daAuts
     D:8: 1512 daAuts
Vaults:2: 1507 daAuts
    D:11: 1498 daAuts
